 Dungeon Crawl Stone Soup version 0.30.0-29-ga12c61a403 (webtiles) character file.

Game seed: 3514324166392794226

93 qw the Chopper (level 4, -5/28 HPs)
             Began as a Gargoyle Fighter on June 3, 2023.
             Killed by divine providence
             ... invoked by an orc priest
              (7 damage)
             ... on level 3 of the Dungeon.
             The game lasted 00:00:49 (1698 turns).

qw the Chopper (Gargoyle Fighter)                   Turns: 1698, Time: 00:00:50

Health: -5/28      AC: 12    Str: 22    XL:     4   Next: 62%
Magic:  4/4        EV:  9    Int:  8    God:
Gold:   9          SH:  4    Dex:  9    Spells: 3/3 levels left

rFire   . . .        Y - +0 war axe
rCold   . . .        c - +0 buckler
rNeg    + . .        b - +0 scale mail
rPois   inf          (no helmet)
rElec   +            l - +0 cloak
rCorr   .            (no gloves)
SInv    .            h - +0 pair of boots
Will    .....        (no amulet) Stlth
                     (no ring)
HPRegen 0.24/turn    (no ring)
MPRegen 0.09/turn

%: no passive effects
@: about to teleport
A: sickness immunity, AC +3, negative energy resistance 1, electricity
resistance, torment resistance 1, petrification resistance
a: no special abilities


You were on level 3 of the Dungeon.
You visited 1 branch of the dungeon, and saw 3 of its levels.

You collected 135 gold pieces.
You spent 126 gold pieces at shops.


Innate Abilities, Weirdness & Mutations

You are immune to sickness and miasma.
Your stone body is resilient. (AC +3)
You are immune to poison.
You resist negative energy. (rN+)
You are resistant to electric shocks. (rElec)
You are resistant to unholy torment.
You are immune to petrification.


   Skills:
 - Level 3.2 Fighting
 + Level 4.2 Axes
 - Level 3.2 Armour
 - Level 3.2 Shields


You had 3 spell levels left.
You didn't know any spells.
Your spell library was empty.

Inventory:

Hand Weapons
 g - a +0 whip
 Y - a +0 war axe (weapon)
Armour
 b - a +0 scale mail (worn)
 c - a +0 buckler (worn)
 h - a +0 pair of boots (worn)
 l - a +0 cloak (worn)
Scrolls
 a - 8 scrolls of identify
 f - a scroll of immolation {unknown}
Potions
 d - a potion of might
 e - a potion of magic {unknown}
 i - a potion of haste
 j - 2 potions of curing

Dungeon Overview and Level Annotations

Branches:
Dungeon (3/15)

Altars:
Ashenzari

Shops:
D:2 ?   D:3 ?


Message History

Enter note:
Enter note:
Enter note: The orc shouts!
You block the orc's attack.
The orc priest mumbles some strange prayers to Beogh against you.
Beogh smites you!
Ouch! That really hurt!
You completely miss the orc. The orc hits you but does no damage.
You barely miss the orc. The orc hits you but does no damage.
You slash the orc!
You kill the orc!
You hit the orc but do no damage. You block the orc's attack.
You slash the orc!
You kill the orc!
You hit the orc.
The orc is lightly wounded.
The orc priest looks encouraged for a moment.
The orc hits you but does no damage.
You hit the orc.
The orc is severely wounded.
The orc priest mumbles some strange prayers to Beogh against you.
Beogh smites you! The orc hits you with a +0 flail.
The orc hits you but does no damage.
1696 ||| READING scroll of teleportation.
As you read the scroll of teleportation, it crumbles to dust.
You feel strangely unstable. The orc closely misses you.
The orc priest casts a cantrip, but nothing happens.
You closely miss the orc.
The orc is severely wounded.
The orc barely misses you.
You hit the orc.
You kill the orc!
The orc priest invokes the aid of Beogh against you.
Beogh smites you!
You die...

#.##.#
#.########################
#.##.# #.# #.# #.##.# #.#
#.# ..##.# #.# #..
..##.###.# #.# .........#
#.### .###%##### #... .#
#.# ###.##### .# #.#
###....@)o#
.###.#####...~~~~~....#
#......##..~~~~~~~~~..#
######....#~~~~~~~~~#...
##...##~~~~~#### ..
#..#.##~~~~# .
#.~##.##~~~# #.~~ #.#~~~#
#.~~# .#####


You could see an orc priest.

Vanquished Creatures
  A gnoll (D:1)
  4 adders
  A worm (D:3)
  3 orcs (D:3)
  3 ball pythons
  2 bats (D:1)
  4 endoplasms
  4 giant cockroaches (D:1)
  3 goblins (D:1)
  5 hobgoblins
  A quokka (D:2)
  8 frilled lizards
  3 kobolds
  3 rats (D:1)
45 creatures vanquished.

Notes
Turn   | Place    | Note
-------+----------+-------------------------------------------
     0 | D:1      | qw the Gargoyle Fighter began the quest for the Orb.
     0 | D:1      | Reached XP level 1. HP: 14/14 MP: 1/1
     0 | D:1      | 0 ||| qw: Version: 0.2-a-103-g5a998e5
     0 | D:1      | 0 ||| qw: Game counter: 1039
     0 | D:1      | 0 ||| qw: Always use a shield: true
     0 | D:1      | 0 ||| qw: God list: Okawaru
     0 | D:1      | 0 ||| qw: Allow faded altars: false
     0 | D:1      | 0 ||| qw: Do Orc after D:15 true
     0 | D:1      | 0 ||| qw: Do second Lair branch before Depths: true
     0 | D:1      | 0 ||| qw: Lair rune preference: random
     0 | D:1      | 0 ||| qw: Plans: Normal, Zot:1-4, Slime:5, God:TSO, Crypt,
                  | Tomb, Pan, Hells, Abyss, Win
     0 | D:1      | 0 ||| PLANNING D:1-11
    25 | D:1      | 25 ||| Stepping ~*~*~tactically~*~*~ (hiding).
    26 | D:1      | 26 ||| Stepping ~*~*~tactically~*~*~ (hiding).
    27 | D:1      | 27 ||| Stepping ~*~*~tactically~*~*~ (hiding).
    28 | D:1      | 28 ||| Stepping ~*~*~tactically~*~*~ (hiding).
    78 | D:1      | Reached skill level 2 in Axes
   132 | D:1      | 132 ||| Stepping ~*~*~tactically~*~*~ (stealth).
   139 | D:1      | Reached XP level 2. HP: 19/19 MP: 2/2
   280 | D:1      | 280 ||| Stepping ~*~*~tactically~*~*~ (stealth).
   281 | D:1      | 281 ||| Stepping ~*~*~tactically~*~*~ (stealth).
   282 | D:1      | 282 ||| Stepping ~*~*~tactically~*~*~ (stealth).
   316 | D:1      | Reached skill level 3 in Axes
   410 | D:1      | Reached XP level 3. HP: 21/23 MP: 3/3
   672 | D:1      | 672 ||| Stepping ~*~*~tactically~*~*~ (stealth).
   766 | D:1      | 766 ||| UPGRADING to +0 pair of boots.
   771 | D:1      | 771 ||| READING scroll labelled RAHARO KEOTWOD.
   836 | D:2      | Found a broken altar of Ashenzari.
   959 | D:2      | 959 ||| Stepping ~*~*~tactically~*~*~ (stealth).
   967 | D:2      | Reached XP level 4. HP: 28/28 MP: 4/4
   972 | D:2      | Reached skill level 4 in Axes
  1085 | D:2      | Found Gucuij's Magic Scroll Shop.
  1093 | D:2      | 1093 ||| SHOPLISTING scroll of enchant armour (105 gold,
                  | have 89).
  1093 | D:2      | 1093 ||| BUYING scroll of identify (28 gold).
  1093 | D:2      | Bought a scroll of identify for 28 gold pieces
  1093 | D:2      | 1093 ||| BUYING scroll of identify (28 gold).
  1093 | D:2      | Bought a scroll of identify for 28 gold pieces
  1093 | D:2      | 1093 ||| SHOPLISTING scroll of teleportation (42 gold, have
                  | 33).
  1316 | D:2      | 1316 ||| UPGRADING to +0 cloak.
  1321 | D:2      | 1321 ||| READING scroll labelled NIONOGIENN.
  1322 | D:2      | 1322 ||| READING scroll labelled DOMMUBR MEYJUCEZ.
  1323 | D:2      | 1323 ||| DRINKING 2 fuming coppery potions.
  1324 | D:2      | 1324 ||| READING 6 scrolls of identify.
  1324 | D:2      | 1324 ||| IDENTIFYING emerald potion
  1325 | D:2      | 1325 ||| READING 5 scrolls of identify.
  1325 | D:2      | 1325 ||| IDENTIFYING murky green potion
  1326 | D:2      | 1326 ||| DROPPING potion of degeneration.
  1640 | D:3      | Found Merucki's Magic Scroll Shop.
  1643 | D:3      | 1643 ||| BUYING scroll of identify (20 gold).
  1643 | D:3      | Bought a scroll of identify for 20 gold pieces
  1643 | D:3      | 1643 ||| BUYING scroll of identify (20 gold).
  1643 | D:3      | Bought a scroll of identify for 20 gold pieces
  1643 | D:3      | 1643 ||| BUYING scroll of teleportation (30 gold).
  1643 | D:3      | Bought a scroll of teleportation for 30 gold pieces
  1643 | D:3      | 1643 ||| SHOPLISTING scroll of teleportation (30 gold, have
                  | 9).
  1695 | D:3      | HP: 4/28 [orc priest/divine providence (11)]
  1695 | D:3      | HP: 1/28 [orc/+0 flail (3)]
  1696 | D:3      | 1696 ||| READING scroll of teleportation.
  1698 | D:3      | Killed from afar by an orc priest

Levels and vault maps discovered:
D:1:      lightli_arrival_windingriver, layout_loops_cross, serial_bayou_ford_a,
          minmay_lizard_king
D:2:      layout_rooms, serial_shops, nicolae_shop_waterfront, basic_altar,
          patterned_corridor
D:3:      kennysheep_big_flooded_room, layout_loops_corners, serial_shops,
          nicolae_shop_rolled_up, shop, grunt_decor_junction, chequers_avenue,
          minmay_misc_feat_rows, kennysheep_small_spiral

Skill      XL: |  1  2  3  4 |
---------------+-------------+-----
Axes           | 2 3 4 |  4.2
Fighting       | |  3.2
Armour         | |  3.2
Shields        | |  3.2

Action                     |  1- 3 |  4- 6 || total
---------------------------+-------+-------++-------
  Melee: War axe           |    84 |    31 ||   115
    Use: Scroll            |     1 |     5 ||     6
         Potion            |       |     1 ||     1
 Armour: Scale mail        |    44 |    12 ||    56
  Dodge: Dodged            |    32 |    11 ||    43
  Block: Buckler           |    18 |     4 ||    22

Table legend:
 A = Non-vault XP
 B = Vault XP
 C = Vault XP percentage of total XP
 D = Non-vault monster count
 E = Vault monster count
 F = Vault count percentage of total count
                 A         B        C        D         E       F
            +---------+---------+-------+---------+---------+-------
      Total |     130 |       7 |   5.1 |      38 |       7 |  15.6
            +---------+---------+-------+---------+---------+-------
        D:1 |      47 |       7 |  13.0 |      20 |       7 |  25.9
        D:2 |      51 |       0 |   0.0 |      10 |       0 |   0.0
        D:3 |      32 |       0 |   0.0 |       8 |       0 |   0.0
            +---------+---------+-------+---------+---------+-------
